 Dungeon Crawl Stone Soup version 0.27.0-1-g7a089689b8 (webtiles) character file.

Game seed: 1877084589500309402

2 MajorAdolf the Stinger (level 1, -3/18 HPs)
             Began as a Naga Wanderer on Aug 13, 2021.
             Slain by a kobold (5 damage)
             ... on level 1 of the Dungeon.
             The game lasted 00:00:26 (244 turns).

MajorAdolf the Stinger (Naga Wanderer)               Turns: 244, Time: 00:00:27

Health: -3/18      AC:  1    Str: 12    XL:     1   Next: 40%
Magic:  2/2        EV:  9    Int: 14    God:
Gold:   27         SH:  0    Dex: 10    Spells: 2/2 levels left

rFire    . . .     SeeInvis +   a - +0 club
rCold    . . .     Faith    .   (no shield)
rNeg     . . .     Spirit   .   b - +0 robe
rPois    +         Reflect  .   (no helmet)
rElec    .         Harm     .   (no cloak)
rCorr    .         Rampage  .   (no gloves)
Will     .....                  (no barding)
Stlth    ++........             (no amulet)
HPRegen  0.06/turn              (no ring)
MPRegen  0.08/turn              (no ring)

@: very slow
A: AC +0, large, see invisible, deformed body, poison resistance, slowness 2,
spit poison 1, naga tail 1
a: Spit Poison


You were on level 1 of the Dungeon.
You visited 1 branch of the dungeon, and saw 1 of its levels.

You collected 27 gold pieces.

Inventory:

Hand Weapons
 a - a +0 club (weapon)
Armour
 b - a +0 robe (worn)
Potions
 c - a potion of curing


   Skills:
 + Level 1.1 Fighting
 - Level 1.0 Bows
 - Level 1.0 Armour
 + Level 1.7 Stealth
 - Level 1.0 Spellcasting
 - Level 2.1 Translocations
 - Level 2.6 Poison Magic
 - Level 1.0 Evocations


You had 2 spell levels left.
You didn't know any spells.
Your spell library contained the following spells:

 Spells                   Type           Power      Damage    Failure   Level
 Apportation              Tloc           12%        N/A       11%         1
 Sting                    Tmut/Pois      16%        1d3       16%         1
 Poisonous Vapours        Pois/Air       8%         N/A       22%         2
 Portal Projectile        Hex/Tloc       6%         N/A       45%         3
 Mephitic Cloud           Conj/Pois/Air  3%         N/A       50%         3
 Olgreb's Toxic Radiance  Pois           8%         N/A       65%         4


Dungeon Overview and Level Annotations

Branches:
Dungeon (1/15)

Altars:


Innate Abilities, Weirdness & Mutations

Your serpentine skin is tough. (AC +0)
You have supernaturally acute eyesight. (SInv)
Armour fits poorly on your strangely shaped body.
Your system is resistant to poisons. (rPois)
You cover ground very slowly.
You can spit poison.
You have a snake-like lower body.


Message History

Press: ? - help, Shift-Dir - straight line, f - you Really target yourself? [Y]es or [N]o only, please.
Really target yourself? [Y]es or [N]o only, please.
Really target yourself? [Y]es or [N]o only, please.
Really target yourself? [Y]es or [N]o only, please.
Really target yourself?
Okay, then.
Press: ? - help, Shift-Dir - straight line, f - frilled lizard
Aim: a frilled lizard The splash of poison misses the frilled lizard.
The kobold shouts!
Unknown command.
You have got your breath back.
You barely miss the frilled lizard. The frilled lizard barely misses you.
You hit the frilled lizard.
You kill the frilled lizard!
The kobold hits you with a +0 whip.
Press: ? - help, Shift-Dir - straight line, f - kobold
Aim: a kobold, wielding a +0 whip The splash of poison misses the kobold.
The kobold closely misses you.
Unknown command.
You hit the kobold but do no damage. The kobold barely misses you.
The kobold hits you with a +0 whip.
You hit the kobold but do no damage. The kobold barely misses you.
You hit the kobold.
The kobold is moderately wounded.
The kobold hits you but does no damage.
You closely miss the kobold.
The kobold is moderately wounded.
You have got your breath back.
The kobold hits you with a +0 whip. x2
* * * LOW HITPOINT WARNING * * *
You completely miss the kobold.
The kobold is moderately wounded.
The kobold hits you with a +0 whip.
You die...

.#..#.#........
.............. #
#..........#
#.#..#.#.....##
......#......###
#..............
#..........###.
#......K..## .....
#......@..# .....
#.........## #.....
#..........###......
#...................
......###.........#
......# ##.......#
+++... #...<...#
+... ##.......##
+.>..###.........#


You could see a kobold.

Vanquished Creatures
  A hobgoblin (D:1)
  A bat (D:1)
  A frilled lizard (D:1)
3 creatures vanquished.

Notes
Turn   | Place    | Note
-------+----------+-------------------------------------------
     0 | D:1      | MajorAdolf the Naga Wanderer began the quest for the Orb.
     0 | D:1      | MajorAdolf set off with the following items: a +0 club, a
                  | +0 robe, a potion of curing; and the following spells
                  | available to memorise: Apportation, Sting, Poisonous
                  | Vapours, Portal Projectile, Mephitic Cloud, Olgreb's Toxic
                  | Radiance
     0 | D:1      | Reached XP level 1. HP: 18/18 MP: 2/2
   244 | D:1      | Slain by a kobold

Illustrated notes

Levels and vault maps discovered:
D:1:      minmay_arrival_four_circles, layout_basic,
          hellmonk_ecumenical_altar_heavens_door

Action                   || total
-------------------------++-------
Melee: Club              ||     8
 Abil: Spit Poison       ||     4
Armor: Robe              ||     2
Dodge: Dodged            ||     4
